 Dungeon Crawl Stone Soup version 0.28.0-45-g0d030f2227 (webtiles) character file.

Game seed: 17430820213167150328

1372 Fartwhistle the Destroyer (level 8, 0/63 HPs)
             Began as a White Draconian Conjurer on Apr 18, 2022.
             Slain by a water moccasin (4 damage)
             ... on level 7 of the Dungeon.
             The game lasted 00:22:29 (7640 turns).

Fartwhistle the Destroyer (DrCj)                    Turns: 7640, Time: 00:22:31

Health: 0/63       AC:  7    Str: 11    XL:     8   Next: 38%
Magic:  13/16      EV: 12    Int: 20    God:
Gold:   87         SH:  0    Dex:  9    Spells: 12/18 levels left

rFire   . . .      SeeInvis .   g - +2 short sword (elec)
rCold   + . .      Faith    .   (no shield)
rNeg    . . .      Spirit   .   (armour unavailable)
rPois   .          Reflect  .   f - +1 hat
rElec   .          Harm     .   (no cloak)
rCorr   .          Rampage  .   (no gloves)
Will    .....                   (no boots)
Stlth   +.........              (no amulet)
HPRegen 0.20/turn               (no ring)
MPRegen 0.15/turn               (no ring)

@: lethally poisoned (0 -> -6), silenced
A: breathe frost, AC +6, unfitting armour, cold resistance 1, cold-blooded
a: Breathe Frost


You were on level 7 of the Dungeon.
You visited 1 branch of the dungeon, and saw 7 of its levels.

You collected 293 gold pieces.
You spent 206 gold pieces at shops.

Inventory:

Hand Weapons
 c - a +0 short sword
 e - a +2 dagger of distortion
 g - a +2 short sword of electrocution (weapon)
Armour
 f - a +1 hat (worn)
Magical Staves
 p - a staff of cold
 u - a staff of fire
Jewellery
 b - a ring of flight
Wands
 m - a wand of flame (21)
 t - a wand of iceblast (8)
Scrolls
 a - a scroll of immolation {unknown}
 d - 3 scrolls of noise {unknown}
 n - 2 scrolls of teleportation {unknown}
 q - a scroll of blinking
 r - 3 scrolls of fear {unknown}
Potions
 i - a potion of might
 j - 2 potions of curing
 k - a potion of brilliance
 l - 2 potions of heal wounds
 o - a potion of cancellation
 s - a potion of mutation {unknown}


   Skills:
 + Level 3.0 Fighting
 - Level 1.7 Dodging
 - Level 1.7 Stealth
 + Level 5.7 Spellcasting
 + Level 8.9 Conjurations


You had 12 spell levels left.
You knew the following spells:

 Your Spells              Type           Power      Damage    Failure   Level
a - Magic Dart            Conj           100%       1d8       1%          1
b - Searing Ray           Conj           82%        2d7       1%          2
c - Dazzling Flash        Conj/Hex       46%        N/A       5%          3

Your spell library contained the following spells:

 Spells                   Type           Power      Damage    Failure   Level
 Pain                     Necr           20%        1d5       11%         1
 Slow                     Hex            20%        N/A       11%         1
 Fulminant Prism          Conj/Hex       11%        3d9       17%         4
 Iskenderun's Mystic Bla  Conj/Tloc      23%        2d6       17%         4
 Confusing Touch          Hex            5%         N/A       32%         3
 Vampiric Draining        Necr           5%         2d6       32%         3
 Agony                    Necr           5%         N/A       96%         5
 Excruciating Wounds      Necr           2%         N/A       96%         5


Dungeon Overview and Level Annotations

Branches:
Dungeon (7/15)
 Temple: D:4-7

Altars:
Elyvilon
Makhleb
Trog
Yredelemnul

Shops:
D:2 !   D:3 !

Annotations:
D:5 exclusion: yak


Innate Abilities, Weirdness & Mutations

You can breathe waves of freezing cold which knock back foes.
Your icy white scales are hard. (AC +6)
You cannot fit into any form of body armour.
Your flesh is cold resistant. (rC+)
You are cold-blooded and may be slowed by cold attacks.


Message History

You have got your breath back.
You climb downwards.
You hear the roar of battle.
There is an entrance to a bailey on this level.
Hurry and find it before the portal closes forever!
The ogre shouts!
You hear a shout! x3
Found a burning altar of Makhleb.
There is a stone staircase leading up here.
Aiming: Breathe Frost (4% risk of failure)
Press: ? - help, Shift-Dir - straight line, f - ogre
Aim: an ogre, wielding a +0 giant spiked club (85% to hit)
You exhale a wave of freezing cold.
The freezing breath misses the ogre.
An orc wizard comes into view. It is wielding a +0 dagger.
Found an escape hatch in the ceiling.
A scorpion comes into view.
Found a book of Debilitation.
The orc wizard casts a spell.
The orc wizard flickers and vanishes!
Deactivating autopickup; reactivate with Ctrl-A.
The ogre hits you with a +0 giant spiked club.
* * * LOW HITPOINT WARNING * * *
Found 13 gold pieces.
A water moccasin comes into view.
You have got your breath back.
The water moccasin hisses angrily.
You see here 13 gold pieces.
As you read the scroll labelled BAYMOEPLEL, it crumbles to dust.
A profound silence engulfs you.
It was a scroll of silence.
Magic scrolls do not work when you're silenced!
A shadow imp comes into view.
Found a stone staircase leading down.
The water moccasin bites you.
* * * LOW HITPOINT WARNING * * *
You are lethally poisoned!
The water moccasin poisons you!
You closely miss the water moccasin.
* * * LOW HITPOINT WARNING * * *
You feel very sick. The water moccasin misses you.
A centaur comes into view.
The ogre closely misses you. The water moccasin bites you.
You die...

# #.# #.#
#.###.##
#...<..#
#####.:#
#..# #..#
#Os# #@.#
..c5...S.#
....####.#
.. .. ...
...> .....
..##.#


You could see a water moccasin, an ogre, a centaur, a scorpion and a shadow imp.

Vanquished Creatures
  A yak (D:5)
  3 black bears
  2 necrophages
  An ogre (D:4)
  Blork the orc (D:5)
  A bullfrog (D:6)
  2 water moccasin skeletons
  3 wights (D:6)
  A centaur zombie (D:6)
  A hound (D:5)
  2 orc priests
  An orc wizard (D:3)
  2 hound skeletons (D:4)
  6 gnolls
  6 adders
  3 dart slugs
  6 orcs
  5 bats
  8 endoplasms
  3 giant cockroaches
  5 goblins
  10 hobgoblins
  2 jackals (D:3)
  6 quokkas
  4 ball pythons
  4 frilled lizards
  6 kobolds
  5 rats
100 creatures vanquished.

Notes
Turn   | Place    | Note
-------+----------+-------------------------------------------
     0 | D:1      | Fartwhistle the Draconian Conjurer began the quest for the
                  | Orb.
     0 | D:1      | Reached XP level 1. HP: 14/14 MP: 3/3
   245 | D:1      | Found a faded altar of an unknown god.
   333 | D:1      | Reached XP level 2. HP: 20/20 MP: 0/5
  1235 | D:1      | Reached XP level 3. HP: 26/26 MP: 2/6
  2093 | D:2      | Learned a level 2 spell: Searing Ray
  2399 | D:2      | Found Dacur's Distillery.
  2408 | D:2      | Bought a potion of heal wounds for 60 gold pieces
  2408 | D:2      | Bought a potion of curing for 36 gold pieces
  2551 | D:3      | Reached skill level 5 in Conjurations
  2759 | D:3      | Found Jufuse's Distillery.
  3002 | D:3      | Reached XP level 4. HP: 33/33 MP: 4/8
  4181 | D:4      | Reached XP level 5. HP: 38/38 MP: 5/9
  4424 | D:4      | Reached skill level 6 in Conjurations
  4565 | D:4      | Noticed a necrophage
  4614 | D:4      | Killed a necrophage
  4615 | D:4      | Reached XP level 6. HP: 44/45 MP: 0/11
  4981 | D:4      | Learned a level 3 spell: Dazzling Flash
  4991 | D:4      | Reached skill level 7 in Conjurations
  5221 | D:4      | Found a bloodstained altar of Trog.
  5538 | D:5      | Entered Level 5 of the Dungeon
  5766 | D:5      | Noticed a yak
  5837 | D:5      | Found a basalt altar of Yredelemnul.
  5897 | D:5      | Found a white marble altar of Elyvilon.
  5927 | D:5      | Your scales start taking on an icy white colour.
  5927 | D:5      | Reached XP level 7. HP: 50/50 MP: 6/13
  5927 | D:5      | Gained mutation: Your flesh is cold resistant. (rC+) [White
                  | Draconian growth]
  6211 | D:4      | Reached skill level 8 in Conjurations
  6309 | D:5      | Noticed Blork the orc
  6325 | D:5      | Killed Blork the orc
  6326 | D:5      | Reached skill level 5 in Spellcasting
  6678 | D:5      | Killed a yak
  6678 | D:5      | Noticed a yak
  6679 | D:5      | Reached skill level 1 in Fighting
  6679 | D:5      | Reached XP level 8. HP: 59/59 MP: 8/15
  6922 | D:3      | Bought 2 potions of heal wounds for 110 gold pieces
  7598 | D:6      | Noticed a boulder beetle
  7624 | D:7      | Found a burning altar of Makhleb.
  7640 | D:7      | Slain by a water moccasin

Illustrated notes

Levels and vault maps discovered:
D:1:      heliophobic_arrival_dark_side_of_the_moon, layout_basic,
          ebering_ecumenical_altar_webs
D:2:      layout_basic, serial_shops, shop_statue
D:3:      layout_loops_corners, serial_shops, nicolae_shop_trees, serial_rivers,
          chequers_serial_rivers_micro_b, chequers_serial_rivers_micro_b,
          chequers_serial_rivers_micro_a, chequers_serial_rivers_micro_d,
          chequers_serial_rivers_micro_c, chequers_serial_rivers_micro_b
D:4:      layout_basic, mainiacjoe_overflow_surrounded_room,
          kennysheep_small_square
D:5:      layout_gridville, kennysheep_ying_yang,
          chequers_serial_rivers_micro_d, uniq_blork_the_orc
D:6:      layout_loops_ring, mainiacjoe_overflow_six_doors_small,
          nicolae_overflow_hidden_temple, uniq_pikel
D:7:      layout_loops_ring, makhleb_altar_promises_db,
          minmay_temple_entry_gardened_gates, enter_bailey_2

Skill      XL: |  1  2  3  4  5  6  7  8 |
---------------+-------------------------+-----
Conjurations   | 5 6 7 8 |  8.9
Spellcasting   | 3 4 5 |  5.7
Fighting       | 1 3 |  3.0
Dodging        | |  1.7
Stealth        | |  1.7

Action                   |  1- 3 |  4- 6 |  7- 9 || total
-------------------------+-------+-------+-------++-------
Melee: Short sword       |    16 |     6 |     1 ||    23
       Punch             |     1 |       |       ||     1
 Cast: Magic Dart        |    92 |    77 |    41 ||   210
       Searing Ray       |     1 |    12 |    13 ||    26
 Abil: Breathe Frost     |       |       |    11 ||    11
  Use: Potion            |       |     1 |       ||     1
       Scroll            |       |     4 |     3 ||     7
Armor: Skin              |     6 |     6 |     1 ||    13
Dodge: Dodged            |    10 |    23 |    12 ||    45
